 Dungeon Crawl Stone Soup version 0.31-a0-231-g51bb95cda3 (webtiles) character file.

Game seed: 1659174012604592250

359 qw the Shooter (level 6, -5/35 HPs)
             Began as a Gargoyle Hexslinger on July 6, 2023.
             Slain by Natasha (8 damage)
             ... on level 3 of the Dungeon.
             The game lasted 00:01:03 (1960 turns).

qw the Shooter (Gargoyle Hexslinger)                Turns: 1960, Time: 00:01:03

Health: -5/35      AC: 10    Str: 11    XL:     6   Next: 65%
Magic:  7/7        EV: 10    Int: 14    God:
Gold:   144        SH:  0    Dex: 14    Spells: 6/7 levels left

rFire   . . .        d - +0 shortbow
rCold   . . .        (shield currently unavailable)
rNeg    + + .        e - +1 ring mail {rN+}
rPois   inf          (no helmet)
rElec   +            (no cloak)
rCorr   .            (no gloves)
SInv    .            (no boots)
Will    .....        (no amulet)
Stlth   +            (no ring)
HPRegen 0.25/turn    (no ring)
MPRegen 0.10/turn

%: no passive effects
@: no status effects
A: sickness immunity, AC +4, negative energy resistance 1, electricity
resistance, torment resistance 1, petrification resistance
a: no special abilities


You were on level 3 of the Dungeon.
You visited 1 branch of the dungeon, and saw 3 of its levels.

You collected 144 gold pieces.


Innate Abilities, Weirdness & Mutations

You are immune to sickness and miasma.
Your stone body is resilient. (AC +4)
You are immune to poison.
You resist negative energy. (rN+)
You are resistant to electric shocks. (rElec)
You are resistant to unholy torment.
You are immune to petrification.


   Skills:
 + Level 2.2 Fighting
 - Level 6.3 Ranged Weapons
 - Level 1.5 Armour
 - Level 1.5 Dodging
 - Level 1.0 Spellcasting
 - Level 2.6 Hexes


You had 6 spell levels left.
You knew the following spells:

 Your Spells              Type           Power      Damage    Failure   Level
a - Slow                  Hex            32%        N/A       21%         1

Your spell library contained the following spells:

 Spells                   Type           Power      Damage    Failure   Level
 Inner Flame              Hex/Fire       4%         N/A       71%         3
 Portal Projectile        Hex/Tloc       8%         N/A       71%         3
 Cause Fear               Hex            4%         N/A       90%         4

Inventory:

Hand Weapons
 d - a +0 shortbow (weapon)
Armour
 e - a +1 ring mail of positive energy (worn)
Jewellery
 g - an amulet of reflection
Scrolls
 c - a scroll of butterflies {unknown}
 h - a scroll of identify
Potions
 a - 2 potions of curing
 b - a potion of degeneration {unknown}
 f - a potion of ambrosia {unknown}
 i - a potion of brilliance {unknown}

Dungeon Overview and Level Annotations

Branches:
Dungeon (3/15)

Altars:

Annotations:
D:3 Natasha


Message History

The cerulean imp closely misses you.
The cerulean imp hits you but does no damage.
Natasha claws you but does no damage.
You shoot an arrow. The arrow completely misses Natasha.
The cerulean imp hits you but does no damage.
The cerulean imp hits you from afar with a +1 spear.
Natasha claws you! The cerulean imp closely misses you.
You shoot an arrow. The arrow barely misses Natasha.
The cerulean imp hits you from afar with a +1 spear.
Natasha closely misses you. The cerulean imp barely misses you. x2
Natasha claws you.
You shoot an arrow. The arrow barely misses Natasha.
The cerulean imp hits you but does no damage. x2
Natasha claws you.
You shoot an arrow. The arrow barely misses Natasha.
The cerulean imp barely misses you.
The cerulean imp hits you but does no damage.
Natasha claws you.
The cerulean imp hits you but does no damage.
You shoot an arrow. The arrow closely misses Natasha.
The cerulean imp disappears in a puff of smoke!
Natasha stares at you and mumbles some strange words.
The magic dart hits you. The cerulean imp barely misses you.
You shoot an arrow. The arrow closely misses Natasha.
Natasha casts a spell.
The cerulean imp barely misses you.
You shoot an arrow. The arrow misses Natasha.
Natasha claws you but does no damage.
The cerulean imp hits you but does no damage.
The cerulean imp closely misses you. Natasha claws you.
You shoot an arrow. The arrow barely misses Natasha.
The cerulean imp disappears in a puff of smoke!
The cerulean imp hits you but does no damage.
Natasha barely misses you.
You shoot an arrow. The arrow barely misses Natasha.
The cerulean imp hits you from afar with a +1 spear.
Natasha claws you but does no damage.
You shoot an arrow. The arrow closely misses Natasha.
The cerulean imp barely misses you. Natasha claws you!
You die...

#.# ##.#.###.##.##..#
####.####........#........
.............###.#.###
.###
####.##....###.%.#...##.#
#.....###............#
#...###).............#
#.... ###............#
#..... ###..........#
.....### ###@...###..
###... #....h...# . . #..
###.5....# #. ###....# .
.....# # .....# # .##..# #
.. <.# #


You could see Natasha and a cerulean imp (summoned).

Vanquished Creatures
  Grinder (D:3)
  Terence (D:2)
  4 gnolls (D:2)
  4 adders
  3 dart slugs
  3 bats
  An endoplasm (D:3)
  5 giant cockroaches
  5 goblins
  6 hobgoblins
  4 kobolds
  2 quokkas (D:1)
  4 ball pythons
  7 frilled lizards
  7 rats
57 creatures vanquished.

Notes
Turn   | Place    | Note
-------+----------+-------------------------------------------
     0 | D:1      | qw the Gargoyle Hexslinger began the quest for the Orb.
     0 | D:1      | Reached XP level 1. HP: 12/12 MP: 2/2
     0 | D:1      | 0 ||| qw: Version: 0.3-a-46-gb1f654a
     0 | D:1      | 0 ||| qw: Game counter: 1842
     0 | D:1      | 0 ||| qw: Melee chars always use a shield: true
     0 | D:1      | 0 ||| qw: God list: Okawaru
     0 | D:1      | 0 ||| qw: Allow faded altars: false
     0 | D:1      | 0 ||| qw: Do Orc after clearing Dungeon:15 true
     0 | D:1      | 0 ||| qw: Do second Lair branch before Depths: true
     0 | D:1      | 0 ||| qw: Lair rune preference: random
     0 | D:1      | 0 ||| qw: Goals: Normal
     0 | D:1      | 0 ||| PLANNING D:1-11
    93 | D:1      | Reached XP level 2. HP: 16/16 MP: 3/3
   131 | D:1      | Reached skill level 3 in Ranged Weapons
   181 | D:1      | 181 ||| FLEEEEING.
   369 | D:1      | Reached XP level 3. HP: 14/21 MP: 4/4
   493 | D:1      | 493 ||| UPGRADING to +0 leather armour.
   503 | D:1      | 503 ||| DROPPING +0 robe.
   504 | D:1      | 504 ||| UPGRADING to +1 ring mail of positive energy.
   514 | D:1      | 514 ||| DROPPING +0 leather armour.
   515 | D:1      | 515 ||| READING scroll labelled MENAT RUXTOWAEPO.
   516 | D:1      | 516 ||| READING scroll labelled MAWOKOMAOPS.
   517 | D:1      | 517 ||| DROPPING scroll of poison.
   608 | D:2      | 608 ||| Stepping ~*~*~tactically~*~*~ (outnumbered).
   625 | D:2      | Reached XP level 4. HP: 12/26 MP: 5/5
   663 | D:2      | 663 ||| FLEEEEING.
   664 | D:2      | 664 ||| FLEEEEING.
   665 | D:2      | 665 ||| FLEEEEING.
   666 | D:2      | 666 ||| FLEEEEING.
   883 | D:2      | Reached skill level 4 in Ranged Weapons
   893 | D:2      | Noticed Terence
   908 | D:2      | Killed Terence
   909 | D:2      | Reached skill level 1 in Armour
  1054 | D:2      | You fall into a shaft and drop 1 floor!
  1114 | D:3      | 1114 ||| DROPPING ring of wizardry.
  1115 | D:3      | 1115 ||| READING scroll labelled GYMUCOFOOCW.
  1116 | D:3      | 1116 ||| READING scroll labelled HIZOUR SEMEM.
  1117 | D:3      | 1117 ||| DRINKING 2 fuming emerald potions.
  1338 | D:2      | Reached XP level 5. HP: 30/30 MP: 6/6
  1391 | D:2      | 1391 ||| READING scroll labelled GEMOWU SAAFFAO.
  1395 | D:2      | 1395 ||| READING scroll labelled OMOLUU IMUR.
  1501 | D:3      | 1501 ||| FLEEEEING.
  1502 | D:3      | 1502 ||| FLEEEEING.
  1503 | D:3      | 1503 ||| FLEEEEING.
  1504 | D:3      | 1504 ||| FLEEEEING.
  1505 | D:3      | 1505 ||| FLEEEEING.
  1661 | D:3      | 1661 ||| SWAPPING to +0 shortbow.
  1662 | D:3      | 1662 ||| DROPPING +1 sling.
  1784 | D:3      | Noticed Grinder
  1801 | D:3      | Paralysed by Grinder for 3 turns
  1814 | D:3      | Killed Grinder
  1815 | D:3      | Reached skill level 6 in Ranged Weapons
  1815 | D:3      | Reached XP level 6. HP: 18/35 MP: 7/7
  1856 | D:3      | 1856 ||| FLEEEEING.
  1857 | D:3      | 1857 ||| FLEEEEING.
  1939 | D:3      | Noticed Natasha
  1941 | D:3      | 1941 ||| Stepping ~*~*~tactically~*~*~ (outnumbered).
  1957 | D:3      | HP: 8/35 [Natasha (2)]
  1959 | D:3      | HP: 3/35 [cerulean imp/+1 spear[Natasha] (5)]
  1960 | D:3      | Slain by Natasha

Levels and vault maps discovered:
D:1:      minmay_arrival_plants_in_alcoves, layout_basic
D:2:      layout_rooms, serial_forest, infiniplex_forest_lined_corner,
          infiniplex_forest_side_room, infiniplex_forest_straight_1,
          infiniplex_forest_lined_corner, infiniplex_forest_clump_C,
          infiniplex_forest_end_2, infiniplex_forest_clump_small,
          infiniplex_forest_clump_curved, uniq_terence
D:3:      layout_loops_ring, minmay_unequal, uniq_natasha, uniq_ijyb,
          uniq_grinder

Skill      XL: |  1  2  3  4  5 |
---------------+----------------+-----
Ranged Weapons | 3 4 6 |  6.3
Fighting       | 2 |  2.2
Armour         | 1 |  1.5
Dodging        | |  1.5
Spellcasting   | |  1.0
Hexes          | |  2.6

Action                     |  1- 3 |  4- 6 || total
---------------------------+-------+-------++-------
   Fire: Sling             |    83 |   105 ||   188
         Shortbow          |       |    79 ||    79
    Use: Scroll            |     2 |     4 ||     6
         Potion            |       |     1 ||     1
 Armour: Robe              |     5 |       ||     5
         Ring mail         |    21 |    79 ||   100
  Dodge: Dodged            |    22 |    85 ||   107

Table legend:
 A = Non-vault XP
 B = Vault XP
 C = Vault XP percentage of total XP
 D = Non-vault monster count
 E = Vault monster count
 F = Vault count percentage of total count
                 A         B        C        D         E       F
            +---------+---------+-------+---------+---------+-------
      Total |     187 |     326 |  63.5 |      53 |       4 |   7.0
            +---------+---------+-------+---------+---------+-------
        D:1 |      38 |       0 |   0.0 |      20 |       0 |   0.0
        D:2 |      92 |      36 |  28.1 |      19 |       1 |   5.0
        D:3 |      57 |     290 |  83.6 |      14 |       3 |  17.6
            +---------+---------+-------+---------+---------+-------
